 Dungeon Crawl Stone Soup version 0.28-a0-794-gafe8c5f9e9 (webtiles) character file.

Game seed: 5806078938684697586

1871 Zenkrye the Ruffian (level 9, 0/89 HPs)
             Began as an Ogre Transmuter on Nov 5, 2021.
             Succumbed to a killer bee's poison
             ... on level 6 of the Dungeon.
             The game lasted 00:24:19 (9408 turns).

Zenkrye the Ruffian (Ogre Transmuter)               Turns: 9408, Time: 00:24:19

Health: 0/89       AC:  5    Str: 16    XL:     9   Next: 13%
Magic:  10/13      EV: 10    Int: 17    God:
Gold:   329        SH:  0    Dex:  9    Spells: 4/14 levels left

rFire   . . .      SeeInvis .     - Unarmed
rCold   + . .      Faith    .   (no shield)
rNeg    . . .      Spirit   .   a - +1 robe
rPois   .          Reflect  .   (helmet restricted)
rElec   .          Harm     .   o - +0 cloak
rCorr   .          Rampage  .   (gloves unavailable)
Will    .....                   (boots unavailable)
Stlth   +.........              (no amulet)
HPRegen 0.24/turn               c - ring of protection from cold
MPRegen 0.13/turn               (no ring)

@: lethally poisoned (0 -> -7)
A: large, unfitting armour, tough skin 1
a: no special abilities


You were on level 6 of the Dungeon.
You visited 1 branch of the dungeon, and saw 7 of its levels.

You collected 329 gold pieces.

Inventory:

Missiles
 b - 197 stones (quivered)
Armour
 a - a +1 robe (worn)
 o - a +0 cloak (worn)
Jewellery
 c - a ring of protection from cold (left hand)
 n - an amulet of guardian spirit
 t - an amulet of faith
Wands
 m - a wand of acid (5) {@v2}
 u - a wand of iceblast (8) {@v4}
Scrolls
 f - 3 scrolls of amnesia
 g - 2 scrolls of teleportation {@r3}
 i - 2 scrolls of identify {@r1}
 l - 3 scrolls of enchant armour
 p - a scroll of fog {unknown}
 q - a scroll of enchant weapon
 s - a scroll of brand weapon {unknown}
Potions
 d - 2 potions of brilliance
 h - a potion of ambrosia
 k - 3 potions of attraction


   Skills:
 + Level 6.3 Fighting
 + Level 4.2 Dodging
 * Level 6.5 Unarmed Combat
 - Level 3.0 Spellcasting
 + Level 4.7 Transmutations
 + Level 3.5 Ice Magic
 - Level 2.0 Poison Magic


You had 4 spell levels left.
You knew the following spells:

 Your Spells              Type           Power      Damage    Failure   Level
a - Beastly Appendage     Tmut           36%        N/A       2%          1
b - Spider Form           Tmut/Pois      14%        N/A       13%         3
c - Ice Form              Ice/Tmut       16%        N/A       32%         4
d - Wereblood             Tmut           18%        N/A       3%          2

Your spell library contained the following spells:

 Spells                   Type           Power      Damage    Failure   Level
 Ensorcelled Hibernation  Hex/Ice        16%        N/A       13%         2
 Summon Small Mammal      Summ           8%         N/A       17%         1
 Call Canine Familiar     Summ           2%         N/A       45%         3
 Summon Guardian Golem    Hex/Summ       2%         N/A       45%         3
 Tukima's Dance           Hex            2%         N/A       45%         3


Dungeon Overview and Level Annotations

Branches:
Dungeon (7/15)
 Temple: D:4-7

Altars:
Qazlal

Shops:
D:4 :

Portals:
Abyss: D:5

Annotations:
D:4 2 transporters, horus123's ghost, novice KoBr
D:5 2 transporters, LutherGrant's ghost, novice MiFi
D:6 Maggie


Innate Abilities, Weirdness & Mutations

You are too large for most types of armour.
You have tough skin. (AC +1)


Message History

* * * LOW HITPOINT WARNING * * *
You completely miss the killer bee.
The killer bee is severely wounded.
You howl as the wereblood boils in your veins!
Your primal bloodlust is almost over.
You feel sick. The killer bee stings you.
* * * LOW HITPOINT WARNING * * *
The killer bee closely misses you.
Okay, then.
Unknown command.
You closely miss the killer bee.
The killer bee is heavily wounded.
You feel sick. The killer bee completely misses you.
You punch the killer bee! You freeze the killer bee.
You feel a bit better.
You kill the killer bee!
You feel sick. The killer bee stings you.
* * * LOW HITPOINT WARNING * * *
It was a potion of haste.
You feel yourself speed up.
Your transformation is almost over.
You feel sick. The killer bee misses you.
The killer bee stings you but does no damage.
It was a potion of might.
You feel very mighty all of a sudden.
You feel sick. The killer bee completely misses you.
You barely miss the killer bee.
The killer bee stings you but does no damage.
You punch the killer bee! You freeze the killer bee.
The killer bee is almost dead.
You feel sick. The killer bee misses you. The killer bee stings you.
* * * LOW HITPOINT WARNING * * *
You are more poisoned.
The killer bee poisons you!
It was a potion of cancellation.
Your magical effects are unravelling.
You feel magically purged.
You warm up again.
Your +0 cloak unmelds from your body.
Your +1 robe unmelds from your body.
You feel yourself slow down.
You feel a little less mighty now.
Your primal bloodlust has ended.
You die...

#...# #.....#
#.#.##..# #.#.#
#.....# #.......#
#...# #.....#
#.#.##.## #.###
####### #......# #.#
#######.#### #.# #...#
#.# #.# #####
###...###.# #.#
#...####..>....#.# #.#
#....@yy.......#.#
#.###...####.........#
#......## ###...#####
######## #...# #####


You could see 2 killer bees.

Vanquished Creatures
  Grinder (D:6)
  Eustachio (D:6)
  A black bear (D:6)
  2 ogres (D:5)
  2 ice beasts (D:5)
  A phantom (D:5)
  2 scorpions (D:4)
  A water moccasin skeleton (D:5)
  3 killer bees
  A wight (D:4)
  A howler monkey (D:5)
  A jelly (D:5)
  2 centaur zombies (D:5)
  5 hounds
  A centaur skeleton (D:4)
  2 iguanas
  Ijyb (D:4)
  4 orc wizards
  A hound skeleton (D:5)
  4 gnolls (D:2)
  5 adders
  2 white imps
  An ufetubus (D:5)
  4 dart slugs
  15 orcs
  5 ball pythons
  8 endoplasms
  3 giant cockroaches
  6 goblins
  9 hobgoblins
  4 jackals (D:1)
  8 kobolds
  5 quokkas
  3 bats
  2 frilled lizards (D:3)
117 creatures vanquished.

Vanquished Creatures (others)
  6 plants (D:4)
6 creatures vanquished.

Grand Total: 123 creatures vanquished

Notes
Turn   | Place    | Note
-------+----------+-------------------------------------------
     0 | D:1      | Zenkrye the Ogre Transmuter began the quest for the Orb.
     0 | D:1      | Reached XP level 1. HP: 19/19 MP: 3/3
   136 | D:1      | Reached XP level 2. HP: 20/28 MP: 3/5
   746 | D:1      | Reached XP level 3. HP: 30/36 MP: 4/6
   796 | D:1      | Learned a level 3 spell: Spider Form
   994 | D:1      | Found a faded altar of an unknown god.
  2127 | D:2      | Reached skill level 1 in Poison Magic
  2127 | D:2      | Reached XP level 4. HP: 34/44 MP: 1/8
  2873 | D:3      | Reached XP level 5. HP: 25/52 MP: 9/9
  3839 | D:4      | Learned a level 4 spell: Ice Form
  3842 | D:4      | Learned a level 2 spell: Wereblood
  4483 | D:4      | Found Baif's Book Emporium.
  4569 | D:4      | Reached XP level 6. HP: 40/61 MP: 6/10
  4711 | D:4      | Found a stormy altar of Qazlal.
  4717 | D:4      | Noticed Ijyb
  5107 | D:4      | Found a transporter.
  5113 | D:4      | Found a transporter.
  5134 | D:4      | Noticed horus123's ghost (novice KoBr)
  5171 | D:4      | Identified the +3 trident of Extinguishment {vamp, rN+
                  | Dex+3 Stlth+}
  5171 | D:4      | Identified the +1 ring mail "Zeog" {+Blink rElec SInv}
  5171 | D:4      | Identified the +1 buckler of Xeyc {rElec}
  5507 | D:5      | Entered Level 5 of the Dungeon
  5515 | D:5      | Reached skill level 1 in Ice Magic
  5538 | D:5      | Reached XP level 7. HP: 36/68 MP: 7/11
  5727 | D:4      | Killed Ijyb
  6158 | D:5      | Noticed LutherGrant's ghost (novice MiFi)
  6169 | D:5      | Found a transporter.
  6170 | D:5      | Found a one-way gate to the infinite horrors of the Abyss.
  6175 | D:5      | Noticed a small abomination
  6220 | D:5      | Found a transporter.
  6554 | D:5      | Reached skill level 5 in Unarmed Combat
  6893 | D:5      | Reached XP level 8. HP: 73/79 MP: 8/12
  7146 | D:5      | Reached skill level 5 in Fighting
  7757 | D:6      | Noticed Grinder
  7762 | D:6      | Paralysed by Grinder for 3 turns
  7772 | D:6      | Killed Grinder
  8038 | D:6      | Noticed Maggie
  8284 | D:6      | Noticed Eustachio
  8301 | D:6      | Killed Eustachio
  8858 | D:6      | Reached XP level 9. HP: 88/89 MP: 9/13
  9407 | D:6      | HP: 1/106 [killer bee (5)]
  9408 | D:6      | Succumbed to a killer bee's poison

Illustrated notes

Levels and vault maps discovered:
D:1:      dpeg_chamrin_arrival_tetris, layout_basic,
          shapermc_ecumenical_altar_flowoftime
D:2:      layout_basic
D:3:      layout_loops_cross, hangedman_decor_lopped, minmay_goblin_kobold_house
D:4:      layout_basic, mainiacjoe_overflow_small_starburst,
          gammafunk_ghost_gnarly_gnolls, serial_shops, nicolae_lakefront_shop,
          uniq_ijyb
D:5:      layout_loops_ring, gammafunk_ghost_abyssal_escape,
          hangedman_decor_peaks_small, minmay_increasing_density
D:6:      layout_loops_cross, uniq_eustachio, uniq_maggie, uniq_grinder
D:7:      layout_cave_pools, minmay_temple_entry_poolview,
          gup_ossuary_entry_pyramid

Skill      XL: |  1  2  3  4  5  6  7  8 |
---------------+-------------------------+-----
Fighting       | 2 3 4 6 |  6.3
Unarmed Combat | 3 4 5 6 |  6.5
Transmutations | 2 3 4 |  4.7
Poison Magic   | 1 2 |  2.0
Spellcasting   | 3 |  3.0
Dodging        | 2 3 4 |  4.2
Ice Magic      | 1 2 3 |  3.5

Action                   |  1- 3 |  4- 6 |  7- 9 || total
-------------------------+-------+-------+-------++-------
Melee: Unarmed           |   108 |   182 |   149 ||   439
       Headbutt          |     7 |     3 |       ||    10
       Kick              |    11 |     4 |       ||    15
       Punch             |       |     2 |       ||     2
Throw: Stone             |    52 |     6 |    30 ||    88
 Cast: Beastly Appendage |    21 |     7 |       ||    28
       Spider Form       |     1 |    25 |    25 ||    51
       Ice Form          |       |       |     2 ||     2
       Wereblood         |       |       |     2 ||     2
  Use: Scroll            |     4 |     1 |     4 ||     9
       Potion            |       |     3 |     3 ||     6
 Stab: Sleeping          |       |     1 |       ||     1
Armor: Robe              |    24 |    19 |     2 ||    45
       Skin              |     2 |     6 |    19 ||    27
Dodge: Dodged            |    69 |   141 |   127 ||   337

Table legend: (Time is in decaauts)
 A = Elapsed time spent in this place.
 B = Non-inter-level travel time spent in this place.
 C = Inter-level travel time spent in this place.
 D = Time resting spent in this place.
 E = Time spent auto-exploring this place.
 F = Levels seen in this place.
 G = Mean time per level.
                   A        B        C        D        E       F      G
               +--------+--------+--------+--------+--------+-----+--------+
         Total |   9392 |   8845 |    547 |   1558 |   5626 |   7 | 1341.7 |
       Dungeon |   9392 |   8845 |    547 |   1558 |   5626 |   7 | 1341.7 |
               +--------+--------+--------+--------+--------+-----+--------+

Top non-repeatable levels by time:
     D:4: 2594 daAuts
     D:5: 1881 daAuts
     D:1: 1434 daAuts
     D:3: 1234 daAuts
     D:2: 1138 daAuts
     D:6: 1099 daAuts
     D:7: 9 daAuts
